 Dungeon Crawl Stone Soup version 0.31-a0-1118-gbca3d03946 (webtiles) character file.

Game seed: 8471858937126497919

31847 jt the Arsonist (level 13, -5/99 HPs)
             Began as a Naga Fire Elementalist on Dec 5, 2023.
             Was a High Priest of Makhleb.
             Slain by a catoblepas (19 damage)
             ... on level 5 of the Lair of Beasts.
             The game lasted 01:07:24 (16010 turns).

jt the Arsonist (Naga Fire Elementalist)           Turns: 16010, Time: 01:07:24

Health: -5/99      AC: 22    Str: 17    XL:     13   Next: 60%
Magic:  11/24      EV:  8    Int: 28    God:    Makhleb [*****.]
Gold:   446        SH:  0    Dex: 17    Spells: 11/27 levels left

rFire   + . .        a - +2 hand axe (flame)
rCold   + . .        (no shield)
rNeg    . . .        W - +1 leather armour {rF+}
rPois   +            x - +0 helmet
rElec   .            G - +1 cloak of Hopscotch {Rampage Int+5}
rCorr   .            n - +2 pair of gloves {Dex+3}
SInv    +            E - +3 barding of Joulekon {rC+}
Will    +....        o - amulet of regeneration
Stlth   ++           g - ring of Happiness {Str+6 Int+2 Dex+3}
HPRegen 1.16/turn    Y - ring of wizardry
MPRegen 0.19/turn

%: rampage, wizardry (x1)
@: hasted, quick
A: AC +4, large, see invisible, deformed body, poison resistance, slowness 2,
spit poison 1, naga tail 2
a: Spit Poison, Renounce Religion, Minor Destruction, Lesser Servant of Makhleb,
Major Destruction, Greater Servant of Makhleb


You were on level 5 of the Lair of Beasts.
You worshipped Makhleb.
Makhleb was extremely pleased with you.
You visited 3 branches of the dungeon, and saw 15 of its levels.
You also visited: Sewer, Bailey and Gauntlet.

You collected 990 gold pieces.
You spent 544 gold pieces at shops.

Inventory:

Hand Weapons
 a - a +2 hand axe of flaming (weapon)
 I - a +0 trident of flaming
Missiles
 b - 2 curare-tipped darts
 f - a throwing net
 w - 12 javelins
 y - 11 boomerangs
 J - 23 poisoned darts
 Q - 4 silver javelins
Armour
 i - a +0 hat
 j - a +0 kite shield
 n - a +2 pair of gloves of dexterity (worn)
 x - a +0 helmet (worn)
 E - the +3 barding of Joulekon (worn) {rC+}
   (You acquired it on level 10 of the Dungeon)

   rC+:       It protects you from cold.
 G - the +1 cloak of Hopscotch (worn) {Rampage Int+5}
   (You acquired it on level 8 of the Dungeon)

   Int+5:     It affects your intelligence (+5).
   Rampage:   It bestows one free step when moving towards enemies.
 W - a +1 leather armour of fire resistance (worn)
Magical Staves
 d - a staff of earth
 k - a staff of cold
 M - a staff of conjuration
 R - a staff of poison
Jewellery
 g - the ring of Happiness (left hand) {Str+6 Int+2 Dex+3}
   (You found it in a Gauntlet)

   [ring of strength]

   Str+6:     It affects your strength (+6).
   Int+2:     It affects your intelligence (+2).
   Dex+3:     It affects your dexterity (+3).
 o - an amulet of regeneration (around neck)
 p - a ring of resist corrosion
 t - a ring of fire
 u - a ring of flight
 D - an amulet of magic regeneration
 Y - a ring of wizardry (right hand)
Wands
 e - a wand of light (7)
 r - a wand of roots (10)
 S - a wand of charming (4)
Scrolls
 l - 4 scrolls of brand weapon
 B - 2 scrolls of amnesia
 F - a scroll of enchant armour
 H - 3 scrolls of identify
 L - 3 scrolls of enchant weapon
 V - 2 scrolls of fog
 Z - 3 scrolls of revelation
Potions
 h - 4 potions of curing
 m - 2 potions of resistance
 v - 2 potions of attraction
 z - 2 potions of mutation
 A - 4 potions of brilliance
 O - 2 potions of ambrosia
 P - 3 potions of lignification
 T - a potion of enlightenment
Miscellaneous
 q - a condenser vane (inert)
 U - a box of beasts
 X - a lightning rod (4/4)


   Skills:
 + Level 2.1 Fighting
 + Level 4.1 Axes
 - Level 2.0 Throwing
 + Level 5.0 Armour
 + Level 3.0 Dodging
 - Level 3.0 Stealth
 - Level 7.9 Spellcasting
 - Level 11.8 Conjurations
 - Level 5.0 Translocations
 - Level 12.2 Fire Magic
 - Level 8.0 Invocations
 - Level 5.0 Evocations


You had 11 spell levels left.
You knew the following spells:

 Your Spells              Type           Power      Damage    Failure   Level
a - Foxfire               Conj/Fire      100%       2x1d9     1%          1
b - Scorch                Fire           100%       2d9       1%          2
c - Flame Wave            Conj/Fire      68%        2d15      1%          4
d - Fireball              Conj/Fire      34%        3d14      1%          5
e - Iskenderun's Mystic   Conj/Tloc      55%        2d12      1%          4

Your spell library contained the following spells:

 Spells                   Type           Power      Damage    Failure   Level
 Kiss of Death            Conj/Necr      100%       2d13      1%          1
 Shock                    Conj/Air       100%       1d9       1%          1
 Static Discharge         Conj/Air       88%        3-7/arc   1%          2
 Inner Flame              Hex/Fire       45%        N/A       1%          3
 Stone Arrow              Conj/Erth      88%        3d12      1%          3
 Volatile Blastmotes      Fire/Tloc      100%       2d18      1%          3
 Fulminant Prism          Conj/Hex       22%        3d12      1%          4
 Slow                     Hex            44%        N/A       2%          1
 Irradiate                Conj/Tmut      22%        3d19      6%          5
 Confusing Touch          Hex            11%        N/A       8%          3
 Sigil of Binding         Hex            11%        N/A       8%          3
 Tukima's Dance           Hex            11%        N/A       8%          3
 Vampiric Draining        Necr           11%        2d6       8%          3
 Dimensional Bullseye     Hex/Tloc       12%        N/A       9%          4
 Freezing Cloud           Conj/Ice/Air   16%        6-21      13%         5
 Orb of Destruction       Conj           33%        9d10      16%         7
 Dispel Undead            Necr           11%        3d9       24%         4


Dungeon Overview and Level Annotations

Branches:
Dungeon (10/15)            Temple (1/1) D:6            Lair (3/5) D:8
 Shoals (0/4) Lair:2       Spider (0/4) Lair:2        Slime (0/5) Lair:5
    Orc (0/2) D:10          Sewer (visited)          Bailey (visited)
Gauntlet (visited)

Altars:
Ashenzari
Cheibriados
Dithmenos
Elyvilon
Fedhas
Gozag
Hepliaklqana
Kikubaaqudgha
Makhleb
Nemelex Xobeh
Okawaru
Qazlal
Ru
Sif Muna
Trog
Uskayaw
Vehumet
Wu Jian
Xom
Yredelemnul
Zin
The Shining One

Shops:
D:8 :

Annotations:
D:7 1 runed translucent door, Wired's ghost, novice DrSh
D:9 2 transporters
Lair:5 Snorg


Innate Abilities, Weirdness & Mutations

Your serpentine skin is tough. (AC +4)
You have supernaturally acute eyesight. (SInv)
Armour fits poorly on your strangely shaped body.
Your system is resistant to poisons. (rPois)
You cover ground very slowly.
You can spit poison.
You can use your snake-like lower body to constrict enemies.


Message History

The snapping turtle bites you from afar!
* * * LOW HITPOINT WARNING * * *
You swap places.
Your blizzard demon hits the catoblepas!
Your blizzard demon hits the catoblepas.
The catoblepas breathes a plume of calcifying dust at you.
The blast of calcifying dust hits you but does no damage.
The polar bear bites your blizzard demon!
The polar bear claws your blizzard demon but does no damage. x2
The harpy claws you but does no damage. x2
Your blizzard demon hits the polar bear! x2
The polar bear bites your blizzard demon!!
The polar bear closely misses your blizzard demon.
The polar bear claws your blizzard demon but does no damage.
Unknown command.
Press: ? - help, v - describe, . - travel
Here: a water moccasin The floor.
Okay, then.
Okay, then.
Aiming: Fastroot
Press: ? - help, Shift-Dir - straight line, f - you The roots erupt in riotous growth!
Roots grab the water moccasin.
Roots grab the catoblepas.
Roots grab the harpy.
Roots grab the yak.
The grasping roots constrict the harpy.
The grasping roots constrict the yak.
The grasping roots constrict the water moccasin.
The grasping roots constrict the catoblepas.
You hear a bellow!
You hear a croak.
You hear an angry hiss.
You hear a loud, deep croak! x4; You hear a croak.
The harpy claws you!
* * * LOW HITPOINT WARNING * * *
The harpy claws you.
* * * LOW HITPOINT WARNING * * *
The harpy claws you but does no damage. The harpy barely misses you.
Your blizzard demon gestures at the polar bear.
The bolt of cold hits the polar bear!
The polar bear resists.
The bolt of cold hits the plant!
The plant begins to die.
The catoblepas gores you!!
You die...

,,,,,,,,,,,,,,,,,,,,,,,,,,,,,,,,,
,,,,,,,,,,,,,,,,,,,,...,,,,,,,,,,
,,,,,,,,,,,,,,,,,,,y..,,..,,,,,,,
*,*,,,,,,.,**,,,*,,YY~,.~~~~,~~~,
***,,,,,*.P#**#####~#*~~~#~~**~~*
***,,,,,*....##.#..Y##~~~#~~**~~~
,,,,,,,,,............P~~~~~~~~~~~
,,,,,,,,,........Y.~~.~~~~~~~~~~~
,,,,,,,,,......S@Yt~~#~**********
**,,,,*,,...#..#H§2.##~*~~8*⌠~~~~
*,,,,**,*,..#.##§..h~~~~~.~*~~~~~
**,,,,**,,...##§....○~~~~~~*~~~,~
,,,,,,,,,,......l..~#○~~~~~*~8***
,,,,,,,,,...........#~○#~~~*~~*~~
,,,,,,,,,...........~.~P~~,*~~*~~
,,,,,,,,,,.........~~~~~P~~*,~*~~
,,,,,,,,,,..........##~#~P,*~~~~~


You could see a catoblepas (rooted), a snapping turtle, a polar bear
(distracted, ally target), a komodo dragon, 4 yaks, a harpy (rooted), a water
moccasin (rooted) and a friendly blizzard demon (summoned).

Vanquished Creatures
  A minotaur (Gauntlet)
  2 vault guards (Bailey)
  A catoblepas (Lair:2)
  Urug (Lair:2)
  A sea snake (Lair:5)
  Joseph (Lair:1)
  13 elephants
  2 black mambas
  An ice statue (Gauntlet)
  5 cane toads
  2 komodo dragons
  An unseen horror (D:9)
  4 rime drakes
  A troll (D:10)
  A polar bear (Lair:2)
  6 meliai (Gauntlet)
  A merfolk (D:9)
  Prince Ribbit (Bailey)
  14 blink frogs
  3 jumping spiders (Lair:2)
  A shadow (D:10)
  Sigmund (D:4)
  2 wyverns
  2 humans (Bailey)
  32 yaks
  5 steam dragons
  3 basilisks (Lair:2)
  2 redbacks (Lair:2)
  2 two-headed ogre zombies (D:10)
  An acid dragon (D:8)
  Edmund (D:4)
  3 water moccasins
  2 orc warriors
  5 ice beasts
  2 black bears
  3 ogres
  13 wolves
  4 boggarts (Lair:2)
  2 centaurs
  5 kobold brigands
  4 phantoms
  A brain worm (Sewer)
  2 gnoll sergeants
  4 scorpions
  14 bullfrogs
  A troll zombie (D:10)
  6 wights (D:7)
  15 killer bees
  An electric eel (Lair:2)
  4 howler monkeys
  2 hounds (D:5)
  2 jellies (D:7)
  2 orc priests
  Jessica (D:3)
  3 iguanas
  A sleepcap (D:6)
  7 orc wizards
  5 ogre zombies (D:10)
  Robin (D:4)
  17 gnolls
  6 adders
  A white imp (D:8)
  2 ufetubi (D:6)
  2 dart slugs (D:3)
  25 orcs
  5 endoplasms
  4 giant cockroaches
  16 goblins
  13 hobgoblins
  4 jackals
  23 kobolds
  7 quokkas
  11 ball pythons
  10 bats
  A frilled lizard (D:2)
  3 gnoll skeletons (D:10)
  3 gnoll zombies (D:10)
  4 orc skeletons (D:10)
  13 orc zombies (D:10)
  7 rats (D:1)
406 creatures vanquished.

Vanquished Creatures (others)
  A wolf (D:8)
  148 foxfires
149 creatures vanquished.

Grand Total: 555 creatures vanquished

Notes
Turn   | Place    | Note
-------+----------+-------------------------------------------
     0 | D:1      | jt the Naga Fire Elementalist began the quest for the Orb.
     0 | D:1      | Reached XP level 1. HP: 15/15 MP: 3/3
   243 | D:1      | Reached XP level 2. HP: 22/22 MP: 5/5
   253 | D:1      | Learned a level 2 spell: Scorch
  1097 | D:2      | Reached XP level 3. HP: 28/28 MP: 2/6
  1237 | D:2      | Found a faded altar of an unknown god.
  1260 | D:2      | Prayed at the altar of an unknown god.
  1260 | D:2      | Became a worshipper of Makhleb the Destroyer
  1260 | D:2      | Reached * piety under Makhleb
  1908 | D:3      | Identified a scroll of acquirement
  1909 | D:3      | Acquired Sif Muna's Encyclopedia of Assaults
  1992 | D:3      | Noticed Jessica
  1997 | D:3      | Killed Jessica
  1998 | D:3      | Reached XP level 4. HP: 28/37 MP: 3/8
  2090 | D:3      | Reached skill level 1 in Fighting
  2152 | D:3      | Reached XP level 5. HP: 34/44 MP: 0/9
  2252 | D:3      | Found a glowing drain.
  2259 | D:3      | Reached ** piety under Makhleb
  2262 | Sewer    | Entered a sewer
  2335 | Sewer    | Reached skill level 4 in Fire Magic
  2342 | Sewer    | Noticed a water moccasin
  2348 | Sewer    | Killed a water moccasin
  2349 | Sewer    | Reached XP level 6. HP: 52/52 MP: 6/10
  2930 | D:4      | Reached skill level 5 in Fire Magic
  3012 | D:4      | Reached XP level 7. HP: 31/60 MP: 1/11
  3205 | D:4      | Noticed Robin
  3218 | D:4      | Killed Robin
  3295 | D:4      | Found a hide-covered altar of Uskayaw.
  3685 | D:4      | Noticed Sigmund
  3691 | D:4      | Killed Sigmund
  3692 | D:4      | Reached skill level 5 in Conjurations
  3692 | D:4      | Reached skill level 6 in Fire Magic
  3777 | D:4      | Noticed Edmund
  3785 | D:4      | Killed Edmund
  3786 | D:4      | Reached XP level 8. HP: 67/67 MP: 3/12
  3903 | D:5      | Entered Level 5 of the Dungeon
  3924 | D:5      | Reached *** piety under Makhleb
  4203 | D:5      | Reached skill level 7 in Fire Magic
  4345 | D:5      | Found a blossoming altar of Fedhas.
  5378 | D:6      | Reached skill level 1 in Armour
  5582 | D:6      | Found a staircase to the Ecumenical Temple.
  5587 | Temple   | Entered the Ecumenical Temple
  5622 | D:6      | Reached XP level 9. HP: 49/73 MP: 10/13
  5624 | D:6      | Reached skill level 1 in Axes
  5682 | D:6      | Reached **** piety under Makhleb
  6000 | D:6      | Found an opulent altar of Gozag.
  6417 | D:7      | Found a glowing silver altar of Zin.
  6417 | D:7      | Found Zin's Purification Station.
  6427 | D:7      | Bought 2 potions of curing for 180 gold pieces
  6455 | D:7      | Reached skill level 8 in Fire Magic
  6876 | D:7      | Found a sparkling altar of Nemelex Xobeh.
  6958 | D:7      | Found a runed translucent door.
  6959 | D:7      | Noticed Wired's ghost (novice DrSh)
  7288 | D:8      | Learned a level 4 spell: Flame Wave
  7318 | D:8      | Reached skill level 1 in Throwing
  7318 | D:8      | Reached XP level 10. HP: 80/80 MP: 11/16
  7371 | D:8      | Found a flagged portal.
  7377 | Bailey   | Entered a bailey
  7398 | Bailey   | Learned a level 5 spell: Fireball
  7520 | Bailey   | Reached skill level 9 in Fire Magic
  7523 | Bailey   | Reached ***** piety under Makhleb
  7816 | Bailey   | Noticed a vault guard
  7826 | Bailey   | Killed a vault guard
  7844 | Bailey   | Noticed a vault guard
  7844 | Bailey   | Noticed Prince Ribbit
  7850 | Bailey   | Killed Prince Ribbit
  7862 | Bailey   | Killed a vault guard
  7863 | Bailey   | Reached skill level 10 in Fire Magic
  8017 | D:8      | Acquired the +1 cloak of Hopscotch {Rampage Int+5}
  8082 | D:8      | Reached skill level 5 in Spellcasting
  8082 | D:8      | Reached skill level 10 in Conjurations
  8098 | D:8      | Reached XP level 11. HP: 86/86 MP: 2/18
  8373 | D:8      | Found a staircase to the Lair.
  8651 | D:8      | Found Ideanocw's Book Emporium.
  8658 | D:8      | Bought a book of Weapons for 364 gold pieces
  8663 | D:8      | Learned a level 4 spell: Iskenderun's Mystic Blast
  9231 | D:9      | Found a shimmering blue altar of Sif Muna.
  9307 | D:9      | Found a glowing golden altar of the Shining One.
  9309 | D:9      | Noticed an angel
  9316 | D:9      | Found a basalt altar of Yredelemnul.
  9318 | D:9      | Noticed a profane servitor
  9333 | D:9      | Found a transporter.
  9333 | D:9      | Noticed a boulder beetle
  9334 | D:9      | Found a transporter.
  9549 | D:9      | You fall into a shaft and drop 1 floor!
  9549 | D:10     | Entered Level 10 of the Dungeon
 10049 | D:9      | Reached skill level 11 in Fire Magic
 10541 | D:10     | Acquired the +3 barding of Joulekon {rC+}
 10684 | D:10     | Reached skill level 1 in Invocations
 11277 | D:10     | Found a staircase to the Orcish Mines.
 11968 | Lair:1   | Entered Level 1 of the Lair of Beasts
 11968 | Lair:1   | Noticed Joseph
 11980 | Lair:1   | Killed Joseph
 12088 | Lair:1   | Reached skill level 5 in Invocations
 12138 | Lair:1   | Reached XP level 12. HP: 89/93 MP: 2/21
 12245 | Lair:1   | Found a gate leading to a gauntlet.
 12255 | Lair:1   | Reached skill level 5 in Armour
 12269 | Gauntlet | Entered a Gauntlet
 12269 | Gauntlet | Found a transporter.
 12269 | Gauntlet | Found a transporter.
 12279 | Gauntlet | Found a transporter.
 12290 | Gauntlet | Found a transporter.
 12292 | Gauntlet | Found a large runed translucent door.
 12293 | Gauntlet | Found a large runed translucent door.
 12294 | Gauntlet | Found a large runed translucent door.
 12294 | Gauntlet | Found a large runed translucent door.
 12304 | Gauntlet | Found a transporter.
 12317 | Gauntlet | Found a transporter.
 12319 | Gauntlet | Found a large runed translucent door.
 12319 | Gauntlet | Noticed a wretched star
 12333 | Gauntlet | Found a transporter.
 12334 | Gauntlet | Found the crystal ball of Wucad Mu {*channel}
 12407 | Gauntlet | Found a transporter.
 12409 | Gauntlet | Found a large runed translucent door.
 12410 | Gauntlet | Found a large runed translucent door.
 12411 | Gauntlet | Found a large runed translucent door.
 12411 | Gauntlet | Found a large runed translucent door.
 12411 | Gauntlet | Found a runed translucent door.
 12411 | Gauntlet | Found a runed translucent door.
 12412 | Gauntlet | Found a large runed translucent door.
 12412 | Gauntlet | Found a large runed translucent door.
 12413 | Gauntlet | Found a large runed translucent door.
 12413 | Gauntlet | Found a large runed translucent door.
 12414 | Gauntlet | Found a large runed translucent door.
 12414 | Gauntlet | Found a large runed translucent door.
 12415 | Gauntlet | Found a runed translucent gate.
 12415 | Gauntlet | Found a runed translucent gate.
 12415 | Gauntlet | Found a runed translucent gate.
 12432 | Gauntlet | Found a large runed translucent door.
 12437 | Gauntlet | Found a transporter.
 12447 | Gauntlet | Found a transporter.
 12470 | Gauntlet | Found a transporter.
 12477 | Gauntlet | Found a transporter.
 12482 | Gauntlet | Noticed a death scarab
 12498 | Gauntlet | Found a transporter.
 12505 | Gauntlet | Found a transporter.
 12551 | Gauntlet | Found a transporter.
 12553 | Gauntlet | Noticed a death scarab
 12567 | Gauntlet | Found a transporter.
 12691 | Gauntlet | Identified the ring of Happiness {Str+6 Int+2 Dex+3}
 12826 | Gauntlet | Reached skill level 1 in Translocations
 12998 | Gauntlet | Noticed a minotaur
 13006 | Gauntlet | Killed a minotaur
 13127 | Gauntlet | Got the Precepts of the Discharge
 13129 | Gauntlet | Identified the +0 ring mail of Honour {Str+8}
 14230 | Lair:2   | Found a sacrificial altar of Ru.
 14239 | Lair:2   | Noticed Urug
 14246 | Lair:2   | Killed Urug
 14731 | Lair:2   | Gained mutation: You can use your snake-like lower body to
                  | constrict enemies. [Naga growth]
 14731 | Lair:2   | Reached XP level 13. HP: 99/99 MP: 14/23
 15125 | Lair:2   | Reached skill level 12 in Fire Magic
 15326 | Lair:2   | Found a hole to the Spider Nest.
 15359 | Lair:2   | Reached skill level 5 in Translocations
 15685 | Lair:2   | Found a staircase to the Shoals.
 15949 | Lair:3   | You fall into a shaft and drop 2 floors!
 15949 | Lair:5   | Entered Level 5 of the Lair of Beasts
 15969 | Lair:5   | Reached skill level 1 in Evocations
 15998 | Lair:5   | Reached skill level 5 in Evocations
 15998 | Lair:5   | Noticed Snorg
 16010 | Lair:5   | Slain by a catoblepas

Illustrated notes

Levels and vault maps discovered:
D:1:      dpeg_arrival_prison, layout_basic
D:2:      layout_basic, hellmonk_ecumenical_altar_slurped_away
D:3:      layout_loops_cross, gup_sewer_entry_pipe, kennysheep_jessica_study
D:4:      layout_loops_ring, mainiacjoe_overflow_small_starburst, serial_glass,
          glass_columns_a, glass_columns_b, uniq_edmund, uniq_sigmund,
          uniq_robin
D:5:      layout_basic, fedhas_altar_3
D:6:      layout_basic, mainiacjoe_overflow_six_doors_small,
          minmay_temple_entry_glassed_door, minmay_fractal_squares_5
D:7:      layout_basic, zin_purify, overflow_temple_1_default,
          gammafunk_ghost_grave
D:8:      layout_loops_corners, hellmonk_lair_entry_icy, enter_bailey_3,
          serial_shops, shop
D:9:      gammafunk_boulding_lane, layout_basic, grunt_temple_overflow_holy_war,
          nicolae_overflow_crystal_walls, hangedman_fish_farm
D:10:     layout_stronghold, zombieorc2_lemuel, chequers_serial_rivers_small_3
Temple:   nicolae_temple_ecumenical_triangle
Lair:1:   layout_small_grid, gauntlet_entry_generic, uniq_joseph
Lair:2:   layout_regular_city, elwin_shoals_entry_rooms, spider_nest_entry_a,
          basic_altar, pdpol_lair_neglected_garden, columned_hall_lemuel,
          nicolae_quartered_pool_super, chequers_serial_rivers_room_b,
          fungi_pond_lemuel, kilobyte_rumbling_trees,
          infiniplex_staircase_pool_2, lemuel_fruit_tree, uniq_urug
Lair:3:   layout_cave_pods, serial_bayou_shore_a
Lair:5:   gammafunk_lair_ancient_temple, layout_long_grid, slime_entry_1,
          lemuel_fruit_fields, uniq_snorg

Skill      XL: |  1  2  3  4  5  6  7  8  9 10 11 12 13 |
---------------+----------------------------------------+-----
Conjurations   | 2 3 4 5 7 8 10 11 | 11.8
Fighting       | 1 2 |  2.1
Spellcasting   | 3 4 5 6 7 |  7.9
Fire Magic     | 4 5 6 7 8 10 11 12 | 12.2
Armour         | 1 4 5 |  5.0
Dodging        | 2 3 |  3.0
Axes           | 4 |  4.1
Throwing       | 1 2 |  2.0
Invocations    | 5 8 |  8.0
Translocations | 4 5 |  5.0
Evocations     | 5 |  5.0
Stealth        | |  3.0

Action                     |  1- 3 |  4- 6 |  7- 9 | 10-12 | 13-15 || total
---------------------------+-------+-------+-------+-------+-------++-------
  Melee: Unarmed           |     2 |       |       |       |       ||     2
         Staff             |     3 |       |       |       |       ||     3
         Hand axe          |     2 |    29 |   150 |   230 |    68 ||   479
         Punch             |       |     1 |     3 |     3 |     3 ||    10
         Constrict         |       |       |       |       |     5 ||     5
  Throw: Boomerang         |       |       |     1 |       |       ||     1
         Dart              |       |       |     2 |     5 |     7 ||    14
   Cast: Foxfire           |     9 |     4 |    16 |    51 |     5 ||    85
         Scorch            |    12 |    27 |   103 |   128 |    29 ||   299
         Fireball          |       |       |       |    24 |     6 ||    30
         Flame Wave        |       |       |       |    30 |     6 ||    36
         Iskenderun's Myst |       |       |       |     3 |     1 ||     4
 Invoke: Minor Destruction |       |     1 |     5 |     4 |       ||    10
         Lesser Servant of |       |       |       |     4 |       ||     4
         Greater Servant o |       |       |       |       |     1 ||     1
Ability: Spit Poison       |    36 |     8 |    38 |    27 |     3 ||   112
  Evoke: Wand              |       |       |     3 |     1 |     2 ||     6
         Condenser vane    |       |       |       |       |     1 ||     1
    Use: Scroll            |     9 |     3 |    10 |    12 |     3 ||    37
         Potion            |       |     1 |     6 |     9 |     4 ||    20
   Stab: Sleeping          |       |     1 |     1 |       |       ||     2
         Invisible         |       |       |       |     2 |       ||     2
         Distracted        |       |       |       |     1 |       ||     1
 Armour: Robe              |    10 |    43 |    64 |       |       ||   117
         Leather armour    |       |       |   125 |   384 |   104 ||   613
         Skin              |       |       |       |    60 |   131 ||   191
  Dodge: Dodged            |     6 |    17 |    94 |   186 |    31 ||   334

Table legend: (Time is in decaauts)
 A = Elapsed time spent in this place.
 B = Non-inter-level travel time spent in this place.
 C = Inter-level travel time spent in this place.
 D = Time resting spent in this place.
 E = Time spent auto-exploring this place.
 F = Levels seen in this place.
 G = Mean time per level.
                   A        B        C        D        E       F      G
               +--------+--------+--------+--------+--------+-----+--------+
         Total |  19941 |  19214 |    727 |   3708 |  10075 |  18 | 1107.8 |
       Dungeon |  14258 |  13656 |    602 |   2003 |   8301 |  10 | 1425.8 |
        Temple |      1 |      1 |      0 |      0 |      0 |   1 |    1.0 |
          Lair |   3727 |   3603 |    124 |    958 |   1709 |   4 |  931.8 |
         Sewer |    158 |    158 |      0 |     48 |     11 |   1 |  158.0 |
        Bailey |    708 |    708 |      0 |    394 |     27 |   1 |  708.0 |
      Gauntlet |   1086 |   1086 |      0 |    305 |     25 |   1 | 1086.0 |
               +--------+--------+--------+--------+--------+-----+--------+

Top non-repeatable levels by time:
    D:10: 2065 daAuts
  Lair:2: 1897 daAuts
     D:5: 1861 daAuts
     D:8: 1750 daAuts
  Lair:1: 1661 daAuts
     D:1: 1289 daAuts
     D:9: 1283 daAuts
     D:6: 1226 daAuts
     D:2: 1207 daAuts
     D:3: 1203 daAuts
     D:4: 1189 daAuts
     D:7: 1179 daAuts
Gauntlet: 1086 daAuts
  Bailey: 708 daAuts
   Sewer: 158 daAuts
